 Dungeon Crawl Stone Soup version 0.29.1-12-g30fa7ad0bf (webtiles) character file.

Game seed: 967503280698155029

412 croobank the Digger (level 7, -3/41 HPs)
             Began as a Kobold Earth Elementalist on Dec 28, 2022.
             Was an Initiate of Sif Muna.
             Slain by a gnoll sergeant
             ... wielding a +0 spear
              (8 damage)
             ... on level 4 of the Dungeon.
             The game lasted 00:22:58 (7077 turns).

croobank the Digger (Kobold Earth Elementalist)     Turns: 7077, Time: 00:22:59

Health: -3/41      AC:  2    Str:  2 (5)  XL:     7   Next: 14%
Magic:  9/11       EV: 15    Int: 19      God:    Sif Muna [......]
Gold:   173        SH:  0    Dex: 12 (15) Spells: 6/12 levels left

rFire   . . .      SeeInvis .   b - +0 sling of the Poles {flame, rC+}
rCold   + . .      Faith    .   (no shield)
rNeg    . . .      Spirit   .   a - +0 robe
rPois   .          Reflect  .   (no helmet)
rElec   .          Harm     .   (no cloak)
rCorr   .          Rampage  .   (no gloves)
Will    .....                   (no boots)
Stlth   +++.......              (no amulet)
HPRegen 0.13/turn               (no ring)
MPRegen 0.12/turn               (no ring)

@: no status effects
A: small, no large weapons, nightstalker 3
a: Renounce Religion


You were on level 4 of the Dungeon.
You worshipped Sif Muna.
Sif Muna was noncommittal.
You visited 2 branches of the dungeon, and saw 5 of its levels.

You collected 173 gold pieces.

Inventory:

Hand Weapons
 b - the +0 sling of the Poles (weapon) {flame, rC+}
   (You found it on level 4 of the Dungeon)

   Any ammunition fired from it burns those it strikes, dealing additional fire
   damage.
   rC:        It protects you from cold.
 e - a +0 dagger
 m - a +0 falchion of holy wrath
 p - a +0 war axe
 v - a +0 flail
Missiles
 l - 5 boomerangs
Armour
 a - a +0 robe (worn)
Scrolls
 c - a scroll of vulnerability
 f - a scroll of summoning
 g - a scroll of amnesia
 h - 2 scrolls of teleportation
 i - 2 scrolls of poison {unknown}
 j - 2 scrolls of fear {unknown}
 o - 2 scrolls of blinking {unknown}
 r - a scroll of enchant weapon {unknown}
 s - a scroll of immolation {unknown}
 u - a scroll of silence {unknown}
Potions
 n - 2 potions of flight
 q - 2 potions of heal wounds
 t - a potion of mutation
 w - a potion of cancellation


   Skills:
 - Level 3.1 Fighting
 - Level 3.1 Short Blades
 - Level 3.0 Dodging
 - Level 3.0 Stealth
 + Level 3.2 Spellcasting
 + Level 3.2 Conjurations
 + Level 1.1 Translocations
 + Level 1.8 Transmutations
 + Level 3.3 Earth Magic
 + Level 1.0 Invocations


You had 6 spell levels left.
You knew the following spells:

 Your Spells              Type           Power      Damage    Failure   Level
a - Sandblast             Erth           30%        2d9       3%          1
b - Stone Arrow           Conj/Erth      30%        3d8       12%         3
c - Blink                 Tloc           14%        N/A       14%         2

Your spell library contained the following spells:

 Spells                   Type           Power      Damage    Failure   Level
 Passwall                 Tmut/Erth      10%        N/A       8%          2
 Slow                     Hex            12%        N/A       16%         1
 Ensorcelled Hibernation  Hex/Ice        6%         N/A       22%         2
 Lesser Beckoning         Tloc           7%         N/A       28%         3
 Portal Projectile        Hex/Tloc       10%        N/A       34%         3
 Call Canine Familiar     Summ           3%         N/A       41%         3
 Confusing Touch          Hex            3%         N/A       41%         3
 Summon Guardian Golem    Hex/Summ       3%         N/A       41%         3
 Swiftness                Air            3%         N/A       41%         3
 Vampiric Draining        Necr           3%         2d6       41%         3
 Petrify                  Tmut/Erth      12%        N/A       45%         4
 Leda's Liquefaction      Hex/Erth       4%         N/A       58%         4
 Manifold Assault         Tloc           7%         N/A       95%         5
 Orb of Destruction       Conj           7%         9d6       100%        7
 Spellforged Servitor     Conj/Summ      4%         N/A       100%        7


Dungeon Overview and Level Annotations

Branches:
Dungeon (4/15)             Temple (1/1) D:4

Altars:
Ashenzari
Dithmenos
Elyvilon
Fedhas
Kikubaaqudgha
Okawaru
Ru
Sif Muna
Yredelemnul
Zin
The Shining One

Shops:
D:2 !


Innate Abilities, Weirdness & Mutations

You are small and have problems with some larger weapons.
You are completely attuned to the shadows.


Message History

Aim: a gnoll, wielding a +0 club (almost dead, 58% to hit)
You shoot a sling bullet.
The sling bullet closely misses the gnoll.
The sling bullet closely misses the gnoll sergeant.
The gnoll hits you with a +0 club.
Fire: b) +0 sling of the Poles {flame, rC+}
Press: ? - help, Q - select action, (/) - cycle Shift-Dir - straight line, f/p - gnoll
Aim: a gnoll, wielding a +0 club (almost dead, 58% to hit)
You shoot a sling bullet.
The sling bullet closely misses the gnoll sergeant.
The sling bullet hits the gnoll.
The sling bullet burns the gnoll.
You kill the gnoll!
Sif Muna accepts your kill.
The gnoll sergeant hits you from afar with a +0 spear!
Your Invocations skill increases to level 1!
Fire: b) +0 sling of the Poles {flame, rC+}
Press: ? - help, Q - select action, (/) - cycle Shift-Dir - straight line, f - gnoll sergeant
Aim: a gnoll sergeant, wielding a +0 spear, wearing a +0 scale mail and wearing a +0 buckler (62% to hit)
You shoot a sling bullet.
The gnoll sergeant blocks the sling bullet.
The gnoll sergeant closely misses you.
Casting: Sandblast (safe; 3% risk of failure)
Confirm with . or Enter, or press ? or * to list all spells.
Aiming: Sandblast (safe; 3% risk of failure)
Press: ? - help, Shift-Dir - straight line, f/p - gnoll sergeant
Aim: a gnoll sergeant, wielding a +0 spear, wearing a +0 scale mail and wearing a +0 buckler (87% to hit)
The blast of sand hits the gnoll sergeant!
The gnoll sergeant is moderately wounded.
The gnoll sergeant closely misses you.
The gnoll sergeant hits you from afar with a +0 spear!
* * * LOW HITPOINT WARNING * * *
Casting: Sandblast (safe; 3% risk of failure)
Confirm with . or Enter, or press ? or * to list all spells.
Aiming: Sandblast (safe; 3% risk of failure)
Press: ? - help, Shift-Dir - straight line, f/p - gnoll sergeant
Aim: a gnoll sergeant, wielding a +0 spear, wearing a +0 scale mail and wearing a +0 buckler (moderately wounded, 87% to hit)
The blast of sand hits the gnoll sergeant but does no damage.
The gnoll sergeant is moderately wounded.
The gnoll sergeant hits you from afar with a +0 spear!
You die...

####.#.###.##.# ...#.#.###.##.#
#..........##.# ##.#.#.######.#
....)#....)...# ####.....######
#g###.# ####### ######## #.#
#.# #.....#
....<..#########@###.####.###.#
.#####g##..g................#.#
.#...#.##.######.###.####.#.#.#
.#.#......# ##...##.# #...^.#
.#...#.#### #.......# #)...##
.##.##.# ##...#### #.#..#
.......# ##.## #....# ###.####
#.# #.#..# #.###### #.# #....#


You could see a gnoll sergeant.

Vanquished Creatures
  A phantom (D:4)
  A scorpion (D:4)
  A hound (D:4)
  An iguana (D:4)
  4 gnolls (D:4)
  7 adders
  4 worms
  2 dart slugs
  6 orcs
  11 endoplasms
  2 giant cockroaches (D:1)
  3 goblins
  8 hobgoblins
  12 jackals
  7 quokkas
  4 ball pythons
  7 bats
  7 kobolds
  8 rats
96 creatures vanquished.

Vanquished Creatures (others)
  29 plants
29 creatures vanquished.

Grand Total: 125 creatures vanquished

Notes
Turn   | Place    | Note
-------+----------+-------------------------------------------
     0 | D:1      | croobank the Kobold Earth Elementalist began the quest for
                  | the Orb.
     0 | D:1      | Reached XP level 1. HP: 10/10 MP: 3/3
   684 | D:1      | Reached skill level 1 in Short Blades
   697 | D:1      | Reached XP level 2. HP: 15/15 MP: 5/5
  1152 | D:1      | Reached XP level 3. HP: 5/19 MP: 3/6
  1419 | D:1      | Found a faded altar of an unknown god.
  2007 | D:1      | Reached skill level 1 in Fighting
  2294 | D:2      | Reached XP level 4. HP: 26/26 MP: 5/7
  2382 | D:2      | Found Rusycsan's Distillery.
  2508 | D:2      | Learned a level 3 spell: Stone Arrow
  3897 | D:3      | Reached XP level 5. HP: 32/32 MP: 8/8
  4186 | D:3      | Found a glowing silver altar of Zin.
  4594 | D:3      | Found a glowing golden altar of the Shining One.
  4755 | D:3      | Reached skill level 1 in Conjurations
  5442 | D:4      | Noticed a phantom
  5461 | D:4      | Killed a phantom
  5462 | D:4      | Reached XP level 6. HP: 13/37 MP: 0/10
  5965 | D:4      | Found a staircase to the Ecumenical Temple.
  5969 | D:4      | Learned a level 2 spell: Blink
  5974 | Temple   | Entered the Ecumenical Temple
  5977 | Temple   | Found a transporter.
  5977 | Temple   | Found a transporter.
  5979 | Temple   | Found a transporter.
  5979 | Temple   | Found a transporter.
  6036 | Temple   | Became a worshipper of Sif Muna the Loreminder
  6839 | D:4      | HP: 1/37 [scorpion (2)]
  6843 | D:4      | Reached skill level 1 in Translocations
  6843 | D:4      | Reached XP level 7. HP: 21/41 MP: 6/11
  7026 | D:4      | Identified the +0 sling of the Poles {flame, rC+}
  7074 | D:4      | Reached skill level 1 in Invocations
  7077 | D:4      | Slain by a gnoll sergeant

Illustrated notes

Levels and vault maps discovered:
D:1:      psy_arrival_heroes, layout_loops_ring, shapermc_ecumenical_altar_venn,
          serial_forest, infiniplex_forest_lined_corner,
          infiniplex_forest_end_1, infiniplex_forest_lined_corner,
          infiniplex_forest_clump_double, infiniplex_forest_corner_1,
          infiniplex_forest_corner_1, infiniplex_forest_end_2,
          infiniplex_forest_clump_small, chequers_big_river
D:2:      layout_loops_corners, serial_shops, shop_statue, minmay_diced_spiral
D:3:      layout_loops_ring, tso_metal_star, zin_statuary,
          minmay_fractal_squares_5
D:4:      layout_loops_corners, nicolae_overflow_hidden_temple,
          minmay_temple_entry_gardened_gates, lightli_minifort
Temple:   hellmonk_temple_divided_pantheon

Skill      XL: |  1  2  3  4  5  6  7 |
---------------+----------------------+-----
Short Blades   | 1 2 3 |  3.1
Fighting       | 1 3 |  3.1
Stealth        | 3 |  3.0
Conjurations   | 3 |  3.2
Dodging        | 3 |  3.0
Spellcasting   | 3 |  3.2
Translocations | 1 |  1.1
Invocations    | 1 |  1.0
Transmutations | |  1.8
Earth Magic    | |  3.3

Action                   |  1- 3 |  4- 6 |  7- 9 || total
-------------------------+-------+-------+-------++-------
Melee: Dagger            |    67 |    67 |       ||   134
       Punch             |     1 |       |       ||     1
 Fire: Sling             |       |       |     5 ||     5
 Cast: Sandblast         |    20 |   100 |     7 ||   127
       Stone Arrow       |       |     4 |       ||     4
  Use: Scroll            |       |     2 |     5 ||     7
       Potion            |       |     6 |       ||     6
 Stab: Sleeping          |     7 |    18 |       ||    25
       Distracted        |     1 |       |       ||     1
Armor: Robe              |     4 |    15 |       ||    19
Dodge: Dodged            |    54 |   100 |     2 ||   156
